 Dungeon Crawl Stone Soup version 0.31.0-12-g77e489cdc1 (webtiles) character file.

Game seed: 4087407139390595895

2109 protoss039 the Covered (level 9, 68/68 HPs)
             Began as a Demonspawn Earth Elementalist on Mar 3, 2024.
             Was a Believer of Vehumet.
             Got out of the dungeon alive.
             The game lasted 00:14:02 (5474 turns).

protoss039 the Covered (DsEE)                       Turns: 5474, Time: 00:14:03

Health: 68/68      AC: 15    Str:  9    XL:     9   Next: 7%
Magic:  17/17      EV: 15    Int: 25    God:    Vehumet [**....]
Gold:   372        SH:  5    Dex: 14    Spells: 9/18 levels left

rFire   . . .        D - +2 club (spect)
rCold   . . .        (no shield)
rNeg    . . .        k - +0 ring mail
rPois   .            t - +1 helmet
rElec   .            q - +2 cloak
rCorr   .            j - +0 pair of gloves
SInv    .            (no boots)
Will    .....        F - amulet of reflection
Stlth   +            i - +6 ring of intelligence
HPRegen 0.31/turn    l - +5 ring of evasion
MPRegen 0.15/turn

%: reflection
@: no status effects
A: hooves 2, thin metallic scales 1, ignite blood 1, spiny 1
a: Renounce Religion


You escaped.
You worshipped Vehumet.
Vehumet was pleased with you.
You visited 2 branches of the dungeon, and saw 7 of its levels.
You also visited: Ossuary.

You collected 372 gold pieces.

Inventory:

Hand Weapons
 u - a +2 sling of draining
 D - a +2 spectral club (weapon)
Missiles
 y - 3 throwing nets
Armour
 j - a +0 pair of gloves (worn)
 k - a +0 ring mail (worn)
 q - a +2 cloak (worn)
 t - a +1 helmet (worn)
Magical Staves
 g - a staff of fire
Jewellery
 i - a +6 ring of intelligence (left hand)
 l - a +5 ring of evasion (right hand)
 E - an amulet of the acrobat
 F - an amulet of reflection (around neck)
Wands
 p - a wand of polymorph (5)
 s - a wand of charming (4)
 C - a wand of flame (16)
Scrolls
 a - 2 scrolls of fear
 m - 2 scrolls of fog {unknown}
 o - a scroll of enchant armour {unknown}
 w - a scroll of blinking {unknown}
 x - a scroll of poison {unknown}
 B - 3 scrolls of identify {unknown}
 G - 2 scrolls of amnesia {unknown}
 H - a scroll of enchant weapon {unknown}
Potions
 b - a potion of magic
 c - 6 potions of curing {unknown}
 d - 3 potions of enlightenment {unknown}
 e - 2 potions of ambrosia {unknown}
 h - a potion of might {unknown}
 n - 2 potions of mutation {unknown}
 r - 2 potions of degeneration {unknown}
 v - 2 potions of brilliance {unknown}
 z - 2 potions of haste {unknown}
 A - a potion of heal wounds {unknown}
 I - 3 potions of attraction {unknown}


   Skills:
 + Level 5.2 Fighting
 - Level 6.0 Armour
 - Level 1.7 Dodging
 - Level 1.7 Stealth
 + Level 5.3 Spellcasting
 - Level 3.0 Conjurations
 + Level 5.6 Earth Magic


You had 9 spell levels left.
You knew the following spells:

 Your Spells              Type           Power      Damage    Failure   Level
a - Sandblast             Erth           68%        2d15      1%          1
b - Passwall              Erth           34%        N/A       6%          3
c - Stone Arrow           Conj/Erth      56%        3d10      10%         3
d - Scorch                Fire           12%        2d5       28%         2

Your spell library contained the following spells:

 Spells                   Type           Power      Damage    Failure   Level
 Sting                    Conj/Alch      56%        1d6       11%         1
 Apportation              Tloc           12%        N/A       19%         1
 Necrotise                Necr           24%        1d5       19%         1
 Summon Small Mammal      Summ           24%        N/A       19%         1
 Brom's Barrelling Bould  Conj/Erth      28%        2d5       32%         4
 Fugue of the Fallen      Necr           6%         N/A       50%         3
 Ozocubu's Armour         Ice            6%         N/A       50%         3
 Petrify                  Alch/Erth      20%        N/A       52%         4
 Manifold Assault         Tloc           6%         N/A       88%         4


Dungeon Overview and Level Annotations

Branches:
Dungeon (6/15) Zot: 26485  Temple (1/1) D:5 Zot: 5960 Ossuary (visited)

Altars:
Ashenzari
Cheibriados
Dithmenos
Fedhas
Gozag
Kikubaaqudgha
Makhleb
Okawaru
Qazlal
Ru
Sif Muna
Trog
Uskayaw
Vehumet
Wu Jian
Yredelemnul

Shops:
D:5 (

Annotations:
D:2 Sigmund
D:6 Jeremiah


Innate Abilities, Weirdness & Mutations

You have hoof-like feet.
You are partially covered in thin metallic scales. (AC +2)
Your demonic aura sometimes causes spilled blood to erupt in flames.
You are partially covered in sharp spines.


Message History

You hit the hound. You kick the hound, but do no damage.
The hound is almost dead.
Your +2 spectral club hits the hound.
You kill the hound!
Vehumet accepts your kill.
No target in view!
No target in view!
No target in view!
No target in view!
No target in view!
No target in view!
No target in view!
No target in view!
No target in view!
No target in view!
What level of the Dungeon? (default 1, ? - help)
Your +2 spectral club disappears.
HP restored.
There is a stone staircase leading up here.
You climb upwards.
Magic restored.
There is a stone staircase leading down here.
There is a stone staircase leading up, spattered with blood here.
You climb upwards.
There is a stone staircase leading down here.
There is a stone staircase leading up here.
You climb upwards.
There is a stone staircase leading down here.
Things that are here:
a +0 club; a +0 sling
There is a stone staircase leading up here.
You climb upwards.
Level annotation: Sigmund
There is a stone staircase leading down here.
There is a stone staircase leading up here.
You climb upwards.
There is a stone staircase leading down here.
You open the door.
There is an open door here.
There is a staircase leading out of the dungeon here.
You have escaped!

#.###...####...## #.
########..÷>..#####...#####.
#.....#####.#.............#.
#.....#####....####...###.#.
#.....+...........##### #.'.
#.....##........#### ###.
#(†...##.++'+++....# #.'.
######...+....+..#.#### ###.
#.#.+.@..'.......### #.
#.#.+....+.#.###...###.
#...+....+.#.# ###.....
###.++++++...# #####.
#........###########.
########## #.........
#......... #.........
#.........


There were no monsters in sight!

Vanquished Creatures
  Grinder (D:4)
  Duvessa (D:5)
  A water moccasin (D:6)
  2 black bears
  An ogre (D:6)
  A centaur (D:5)
  A phantom (D:6)
  3 elf zombies (Ossuary)
  A weeping skull (Ossuary)
  2 scorpions
  Dowan (D:5)
  A centaur zombie (Ossuary)
  2 bombardier beetles
  A human zombie (Ossuary)
  2 jellies
  2 orc priests (D:5)
  5 hounds
  Ijyb (D:5)
  An orc wizard (D:5)
  A crocodile zombie (Ossuary)
  A bullfrog simulacrum (Ossuary)
  A hound zombie (Ossuary)
  3 mummies (Ossuary)
  8 gnolls
  2 howler monkey skeletons (D:6)
  6 adders
  A white imp (D:6)
  3 adder zombies (Ossuary)
  A ribbon worm (D:2)
  A dart slug (D:1)
  9 orcs
  8 ball pythons
  9 endoplasms
  5 giant cockroaches
  8 goblins
  7 hobgoblins
  9 jackals
  3 quokkas
  3 training dummies (D:5)
  7 ball python zombies (Ossuary)
  10 bats
  3 frilled lizards
  3 gnoll zombies (Ossuary)
  4 jackal zombies (Ossuary)
  7 kobolds
  4 kobold zombies (Ossuary)
  2 orc zombies (Ossuary)
  3 rats
162 creatures vanquished.

Vanquished Creatures (collateral kills)
  Robin (D:3)
  A bat (D:3)
  4 goblins (D:3)
  A hobgoblin (D:3)
7 creatures vanquished.

Vanquished Creatures (others)
  A goblin (D:3)
1 creature vanquished.

Grand Total: 170 creatures vanquished

Notes
Turn   | Place    | Note
-------+----------+-------------------------------------------
     0 | D:1      | protoss039 the Demonspawn Earth Elementalist began the
                  | quest for the Orb.
     0 | D:1      | Reached XP level 1. HP: 13/13 MP: 3/3
   243 | D:1      | Gained mutation: You are partially covered in thin metallic
                  | scales. (AC +2) [demonic ancestry]
   243 | D:1      | Reached XP level 2. HP: 20/20 MP: 3/5
   405 | D:1      | Reached skill level 1 in Fighting
   961 | D:2      | Gained mutation: You have large cloven feet. [demonic
                  | ancestry]
   961 | D:2      | Reached XP level 3. HP: 16/26 MP: 0/6
  1721 | D:2      | Reached XP level 4. HP: 33/33 MP: 8/8
  1836 | D:2      | Noticed Sigmund
  2126 | D:3      | Found an iron altar of Okawaru.
  2440 | D:3      | Reached XP level 5. HP: 39/39 MP: 9/9
  2517 | D:3      | Reached skill level 1 in Armour
  2548 | D:3      | Noticed Robin
  2581 | D:3      | Killed Robin
  2754 | D:3      | Found an ornate altar of the Wu Jian Council.
  2889 | D:3      | Learned a level 3 spell: Passwall
  2893 | D:3      | Learned a level 3 spell: Stone Arrow
  2921 | D:4      | Reached XP level 6. HP: 46/46 MP: 5/10
  3041 | D:4      | Found a radiant altar of Vehumet.
  3109 | D:4      | Noticed Grinder
  3126 | D:4      | Paralysed by Grinder for 3 turns
  3134 | D:4      | Killed Grinder
  3135 | D:4      | Reached skill level 2 in Armour
  3472 | D:4      | Found an ancient bone altar of Kikubaaqudgha.
  3473 | D:4      | Found a shimmering blue altar of Sif Muna.
  3590 | D:4      | Became a worshipper of Vehumet
  3613 | D:5      | Entered Level 5 of the Dungeon
  3624 | D:4      | Gained mutation: You have hoof-like feet. [demonic
                  | ancestry]
  3624 | D:4      | Reached XP level 7. HP: 39/52 MP: 10/12
  3652 | D:5      | Reached skill level 3 in Armour
  3756 | D:5      | Found a staircase to the Ecumenical Temple.
  3756 | D:5      | Noticed Duvessa
  3756 | D:5      | Noticed Dowan
  3762 | D:5      | Killed Duvessa
  3771 | D:5      | Killed Dowan
  3844 | D:5      | Noticed Ijyb
  3862 | Temple   | Entered the Ecumenical Temple
  3946 | D:5      | Noticed a +0 spear
  4075 | D:5      | Reached skill level 4 in Armour
  4152 | D:5      | Found Ymudelod's Firing Range.
  4232 | D:5      | Gained mutation: You are partially covered in sharp spines.
                  | [demonic ancestry]
  4232 | D:5      | Reached XP level 8. HP: 60/60 MP: 9/14
  4347 | D:5      | Noticed a +0 dagger
  4347 | D:5      | Noticed a +0 spear
  4348 | D:5      | Noticed a +0 short sword
  4353 | D:5      | Noticed a +0 falchion
  4354 | D:5      | Noticed a +0 falchion
  4354 | D:5      | Noticed a +0 dagger
  4354 | D:5      | Noticed a +0 short sword
  4357 | D:5      | Found a hide-covered altar of Uskayaw.
  4411 | D:5      | Killed Ijyb
  4411 | D:5      | Reached * piety under Vehumet
  4411 | D:5      | Offered knowledge of Shock by Vehumet.
  4688 | D:6      | Noticed Jeremiah
  4709 | D:6      | Reached skill level 5 in Armour
  4709 | D:6      | Reached skill level 5 in Earth Magic
  4774 | D:6      | Found a sand-covered staircase.
  4802 | Ossuary  | Entered an ossuary
  4931 | Ossuary  | Reached skill level 5 in Spellcasting
  4942 | Ossuary  | Offered knowledge of Scorch by Vehumet.
  4946 | Ossuary  | Learned a level 2 spell: Scorch
  5030 | Ossuary  | Reached ** piety under Vehumet
  5046 | Ossuary  | Reached skill level 5 in Fighting
  5209 | Ossuary  | Gained mutation: Your demonic aura sometimes causes spilled
                  | blood to erupt in flames. [demonic ancestry]
  5209 | Ossuary  | Reached XP level 9. HP: 55/68 MP: 13/16
  5343 | D:6      | Reached skill level 6 in Armour
  5474 | D:$      | Got out of the dungeon alive.

Illustrated notes

Levels and vault maps discovered:
D:1:      lightli_arrival_maybe_door_vault, layout_basic, serial_curves,
          eino_curves_03, eino_curves_02
D:2:      minmay_skewed_foursquare, layout_basic, serial_aquarium,
          aquarium_bridge_straight [aquarium_subvault_bridge,
          aquarium_subvault_window, aquarium_subvault_bridge,
          aquarium_subvault_balcony], aquarium_window_fake, aquarium_window_1,
          aquarium_window_corner, aquarium_view_2e, aquarium_balcony_1a,
          aquarium_pool_1, kennysheep_generic_room_8, uniq_sigmund
D:3:      minmay_wonky_spiral, layout_basic, amcnicky_altar_gilded,
          pdpol_wu_jian_five_deadly_venoms, uniq_robin
D:4:      layout_cave_pools, grunt_temple_overflow_magic_moments, uniq_grinder
D:5:      layout_cave_pools, nicolae_uskayaw_en_pointe,
          mainiacjoe_overflow_small_starburst, minmay_temple_entry_butterflies,
          nicolae_shop_firing_range, uniq_duvessa, uniq_ijyb
D:6:      layout_loops_ring, mainiacjoe_ossuary_entry_find_the_door,
          dreamdust_gnoll_farm, uniq_jeremiah
Temple:   minmay_temple_forest_path

Skill      XL: |  1  2  3  4  5  6  7  8  9 |
---------------+----------------------------+-----
Fighting       | 1 2 3 4 5 |  5.2
Earth Magic    | 3 4 5 |  5.6
Spellcasting   | 3 4 5 |  5.3
Armour         | 1 2 4 5 6 |  6.0
Conjurations   | 2 3 |  3.0
Dodging        | |  1.7
Stealth        | |  1.7

Action                     |  1- 3 |  4- 6 |  7- 9 || total
---------------------------+-------+-------+-------++-------
  Melee: Unarmed           |     7 |       |       ||     7
         Quarterstaff      |    41 |    59 |    10 ||   110
         Kick              |     4 |    13 |    57 ||    74
         Club              |       |       |   149 ||   149
         Punch             |       |       |     1 ||     1
   Fire: Sling             |       |    50 |    64 ||   114
   Cast: Sandblast         |    43 |    44 |    35 ||   122
         Stone Arrow       |       |       |     8 ||     8
  Evoke: Wand              |       |     3 |       ||     3
    Use: Scroll            |       |     2 |     2 ||     4
   Stab: Sleeping          |     1 |     1 |     1 ||     3
         Distracted        |       |       |     1 ||     1
 Armour: Robe              |    28 |       |       ||    28
         Ring mail         |    49 |    66 |   116 ||   231
  Dodge: Dodged            |    84 |   123 |   154 ||   361
  Block: Other             |       |       |    20 ||    20
